 Dungeon Crawl Stone Soup version 0.16.2-12-gd0ad4c3 (webtiles) character file.

112 hannobal the Slasher (level 4, -1/29 HPs)
             Began as a High Elf Skald on Oct 7, 2015.
             Was an Initiate of Fedhas.
             Killed from afar by Typee's ghost (9 damage)
             ... with a magic dart
             ... in a sewer.
             The game lasted 00:15:31 (4890 turns).

hannobal the Slasher (High Elf Skald)               Turns: 4890, Time: 00:15:31

Health: -1/29      AC:  5    Str: 12    XL:     4   Next: 63%
Magic:  10/11      EV: 11    Int: 16    God:    Fedhas [......]
Gold:   94         SH:  0    Dex: 14    Spells: 2 memorised, 4 levels left

rFire  . . .     SeeInvis .     a - +1 falchion
rCold  . . .     Clarity  .     b - +0 leather armour
rNeg   . . .     SustAb   .     (no shield)
rPois  .         Gourm    .     (no helmet)
rElec  .         Spirit   .     (no cloak)
rCorr  +         Warding  .     s - +1 pair of gloves
rMut   .         Stasis   .     (no boots)
MR     .....                    k - amulet of resist corrosion
Stlth  +.........               (no ring)
                                (no ring)

@: infused, not resistant to hostile enchantments, very unstealthy
A: no striking features
a: Renounce Religion


You were in a sewer.
You worshipped Fedhas.
Fedhas was noncommittal.
You were not hungry.

You visited 1 branch of the dungeon, and saw 4 of its levels.
You also visited: Sewer.

You collected 94 gold pieces.

Inventory:

Hand weapons
 a - a +1 falchion (weapon)
 e - a +2 hand axe of chopping
 m - a +0 dagger
Missiles
 h - 44 arrows
 l - 13 silver sling bullets
 n - 53 stones
 p - 3 needles of confusion
 r - an arrow of dispersal
 u - 16 bolts
 v - 4 javelins (quivered)
Armour
 b - a +0 leather armour (worn)
 o - a +0 buckler
 q - a +0 shield
 s - a +1 pair of gloves (worn)
Jewellery
 k - an amulet of resist corrosion (around neck)
Magical devices
 x - a wand of disintegration (18)
Scrolls
 i - 5 scrolls of identify
 j - 5 scrolls of remove curse
 w - a scroll of enchant weapon
Books
 c - a book of Battle

   Spells                             Type                      Level
   a - Infusion                       Charms                       1
   b - Shroud of Golubria             Charms/Translocation         2
   c - Song of Slaying                Charms                       2
   d - Spectral Weapon                Hexes/Charms                 3
   e - Regeneration                   Charms/Necromancy            3
Comestibles
 d - a bread ration {@e1}
 f - 4 fruits {!e}
 g - 4 meat rations {@e2}


   Skills:
 - Level 2.0 Fighting
 + Level 5.5 Long Blades
 - Level 1.3 Throwing
 - Level 1.1 Armour
 - Level 1.1 Dodging
 - Level 2.4 Spellcasting
 - Level 3.6 Charms


You had 4 spell levels left.
You knew the following spells:

 Your Spells              Type           Power        Failure   Level  Hunger
a - Infusion              Chrm           ##....       8%          1    #......
b - Song of Slaying       Chrm           ##......     12%         2    ###....


Dungeon Overview and Level Annotations

Branches:
Dungeon (4/15)
 Temple: D:4-7

Altars:
Ashenzari
Elyvilon
Fedhas
Qazlal
Xom

Annotations:
D:3 Sigmund; hannobal's ghost, average NaAs Sewer Typee's ghost, average HuCj


Message History

Typee's ghost misses you.
Typee's ghost hits you but does no damage.
Typee's ghost gestures at you while chanting.
The magic dart hits you!
You hit Typee's ghost.
Typee's ghost is moderately damaged.
Typee's ghost hits you.
Cast which spell? (? or * to list)
You begin infusing your attacks with magical energy.
Typee's ghost misses you.
You hit Typee's ghost but do no damage.
Typee's ghost is moderately damaged.
Typee's ghost hits you.
* * * LOW HITPOINT WARNING * * *
You barely miss Typee's ghost.
Typee's ghost is moderately damaged.
Typee's ghost points at you and mumbles some strange words.
The magic dart hits you!
You die...
Fedhas appreciates your contribution to the ecosystem.

≈≈≈ ≈≈≈≈≈≈≈≈≈
≈≈≈≈....≈≈≈
≈≈.......≈.≈.
.≈≈..........≈.
................
................
#................
#......@#
#...##.W##
##..### ##..∩#
#####


You could see Typee's ghost.

Vanquished Creatures
  A worker ant (D:4)
  4 adders
  2 worms (D:2)
  2 giant geckos
  3 ball pythons
  5 goblins
  6 hobgoblins
  6 kobolds
  3 bats
  3 giant cockroaches
  3 giant newts
  A quokka (D:2)
  8 rats
47 creatures vanquished.

Notes
Turn   | Place    | Note
--------------------------------------------------------------
     0 | D:1      | hannobal, the High Elf Skald, began the quest for the Orb.
     0 | D:1      | Reached XP level 1. HP: 14/14 MP: 4/4
    64 | D:1      | Reached skill level 1 in Armour
   452 | D:1      | Reached XP level 2. HP: 16/19 MP: 6/6
   458 | D:1      | Learned a level 2 spell: Song of Slaying
   727 | D:2      | Found a blossoming altar of Fedhas.
   741 | D:2      | Reached skill level 1 in Throwing
  1063 | D:2      | Reached XP level 3. HP: 16/24 MP: 2/8
  1230 | D:2      | Reached skill level 4 in Long Blades
  1431 | D:2      | Found a shattered altar of Ashenzari.
  1578 | D:2      | Found a white marble altar of Elyvilon.
  2509 | D:3      | Reached XP level 4. HP: 18/29 MP: 4/11
  2760 | D:3      | Reached skill level 5 in Long Blades
  2820 | D:3      | Noticed an ogre
  3229 | D:2      | Became a worshipper of Fedhas Madash
  3758 | D:3      | Noticed hannobal's ghost (average NaAs)
  4051 | D:3      | Found a stormy altar of Qazlal.
  4086 | D:3      | Noticed Sigmund
  4410 | D:3      | Found a shimmering altar of Xom.
  4869 | D:4      | Found a glowing drain.
  4877 | Sewer    | Entered a sewer
  4877 | Sewer    | Noticed Typee's ghost (average HuCj)
  4890 | Sewer    | Killed from afar by Typee's ghost

Action                   |  1- 3 |  4- 6 || total
-------------------------+-------+-------++-------
Melee: Falchion          |    91 |    71 ||   162
Throw: Javelin           |    18 |     4 ||    22
       Stone             |    15 |     5 ||    20
 Cast: Infusion          |     5 |     2 ||     7
       Song of Slaying   |     1 |       ||     1
  Use: Scroll            |     4 |     6 ||    10
       Potion            |     2 |       ||     2
  Eat: Chunk             |     5 |     3 ||     8
       Bread ration      |       |     1 ||     1
